cohdb
Replays
Latest Replays
All Replays
Popular Replays
Top Player Replays
Match Explorer
How It Works
Community
CoH3 Stats
Reddit
Sign in to upload your games and track your stats! →
Sign in with Steam
Match 39970608
Unlisted
Match 39970608
Overview
Messages
Build Orders
End
Panzergrenadier Squad
Panzergrenadier Squad
Construct Light Support Kompanie
MG34 Team
Assault Grenadier Squad
Construct Mechanized Kompanie
8 Rad Armored Car
Support Armor Elements
StuG III D Assault Gun
Pak 38 Mechanized Group
2.5-tonne Medical Truck
Selects Panzerjäger Kommand Battlegroup
Selects Blockade Equipment
Selects Early Warning
Selects Butterfly Bomb Drop
Butterfly Bomb Drop
Construct Panzerarmee Kommand
le.IG 18 Mechanized Group
Armored Reserves
Butterfly Bomb Drop
Pak 38 Anti-tank Gun Team
Butterfly Bomb Drop
Tiger Heavy Tank
2.5-tonne Medical Truck
Panzer IV Assault Group
Butterfly Bomb Drop
Saueee
Leo invictum
Garzet
[CyPu]Lord Chaos
0
0
Comments
sign in to comment!
No comments posted yet!